WCHLSIM.com - West Coast Hockey League
html PUBLIC "-//W3C//DTD XHTML 1.0 Transitional//EN" "http://www.w3.org/TR/xhtml1/DTD/xhtml1-transitional.dtd"> WCHL - Game 50 - PHOENIX MUSTANGS vs NORTH DAKOTA HAWKS

PHOENIX MUSTANGS vs NORTH DAKOTA HAWKS

Created - 19 octobre 2022 at 21:35

Goals
1 2 3 OT1 T
PHOENIX MUSTANGS 0 1 0 1 2
NORTH DAKOTA HAWKS 0 0 1 0 1
Shots
1 2 3 OT1 T
PHOENIX MUSTANGS 7 6 2 2 17
NORTH DAKOTA HAWKS 7 7 13 1 28

1st period

No Goal

Penalties :
Nic Dowd (NDH) for Interference (Minor) at 2:39, Josh Manson (NDH) for Slashing (Double Minor) at 6:16, Jake DeBrusk (NDH) for Hooking (Minor) at 12:02, Jack Hughes (NDH) for Hooking (Minor) at 18:20

2nd period

1. PHOENIX MUSTANGS , Clayton Keller 2 (Teuvo Teravainen 2, John Tavares 1) at 3:27

Penalties :
Jordan Greenway (PHX) for Interference (Minor) at 14:43

3rd period

2. NORTH DAKOTA HAWKS , Nic Dowd 1 (Frank Vatrano 2, Dillon Dube 1) at 17:41

Penalties :
Jesper Fast (PHX) for Roughing (Minor) at 15:31

Overtime #1

3. PHOENIX MUSTANGS , Teuvo Teravainen 1 (Erik Karlsson 1) at 3:02

Penalties :
No Penalty

Goalie Stats

Jack Campbell (PHX), 27 saves from 28 shots - (0,964), W, 2-0-0, 63:03 minutes
Carter Hart (NDH), 15 saves from 17 shots - (0,882), OTL, 2-0-1, 63:03 minutes

Players Stats for PHOENIX MUSTANGS

Player Name              G  A  P  +/- PIM S  H  SB GA TA FO     MP     PP MP  PK MP  
------------------------------------------------------------------------------------
Andrew Copp              0  0  0   0  0   3  0  0  0  0  1/2    21:14   5:25   2:50 
Clayton Keller           1  0  1   1  0   2  0  0  0  0  0/1    22:12   4:31   1:33 
Damon Severson           0  0  0   0  0   0  0  0  0  0  0/0    24:40   5:30   0:51 
Dustin Brown             0  0  0   0  0   0  1  1  0  0  0/0    11:34   0:07   0:58 
Erik Karlsson            0  1  1   2  0   0  1  4  0  0  0/0    25:35   2:47   2:36 
Frederick Gaudreau       0  0  0   0  0   0  0  0  0  0  6/14   16:32   5:25   0:38 
Jason Spezza             0  0  0   0  0   0  1  0  0  0  5/9     7:36   0:00   0:00 
Jeff Petry               0  0  0   1  0   0  1  3  0  0  0/0    23:45   4:19   2:31 
Jeremy Lauzon            0  0  0  -1  0   0  6  2  0  0  0/0    14:44   2:50   0:47 
Jesper Fast              0  0  0  -1  2   0  1  0  0  0  0/1    14:28   0:00   1:19 
John Tavares             0  1  1   1  0   4  1  0  0  0  11/15  21:19   4:31   0:00 
Jordan Greenway          0  0  0   0  2   1  0  0  0  0  0/0    10:40   0:00   0:12 
Marco Scandella          0  0  0   0  0   0  1  0  0  0  0/0    18:51   0:07   0:40 
Rasmus Asplund           0  0  0   0  0   0  1  0  0  0  1/1     7:36   0:00   0:00 
Ryan O'Reilly            0  0  0   0  0   2  2  0  0  0  11/18  19:41   5:25   0:00 
Teuvo Teravainen         1  1  2   1  0   4  0  0  0  0  2/4    21:38   4:24   0:26 
Ty Smith                 0  0  0  -1  0   0  0  0  0  0  0/0    15:28   4:19   0:31 
Vinni Lettieri           0  0  0   0  0   1  0  0  0  0  0/0     7:36   0:00   0:00 

Players Stats for NORTH DAKOTA HAWKS

Player Name              G  A  P  +/- PIM S  H  SB GA TA FO     MP     PP MP  PK MP  
------------------------------------------------------------------------------------
Alex Killorn             0  0  0   0  0   0  1  0  0  0  0/0    15:17   1:59   0:00 
Dillon Dube              0  1  1   0  0   2  0  0  0  0  1/1     9:44   0:00   3:49 
Erik Johnson             0  0  0   0  0   0  1  1  0  0  0/0    21:32   0:00   6:09 
Frank Vatrano            0  1  1   0  0   1  0  0  0  0  0/0     6:47   0:00   0:52 
Jack Hughes              0  0  0  -1  2   5  0  2  0  0  5/14   16:42   2:10   0:00 
Jake DeBrusk             0  0  0   0  2   5  1  0  0  0  0/0    17:21   0:00   4:33 
Jason Robertson          0  0  0  -1  0   2  2  1  0  0  0/2    17:18   1:59   0:00 
Jordan Kyrou             0  0  0   0  0   2  0  1  0  0  0/0    16:18   1:48   1:12 
Josh Manson              0  0  0   1  4   0  2  0  0  0  0/0    16:03   0:00   0:52 
Mathew Dumba             0  0  0  -2  0   0  0  0  0  0  0/0    21:58   1:48   3:24 
Nazem Kadri              0  0  0   0  0   4  1  2  0  0  9/16   19:56   1:59   2:05 
Nic Dowd                 1  0  1   0  2   1  1  0  0  0  5/12    9:36   0:00   3:42 
Nick Holden              0  0  0   1  0   0  0  0  0  0  0/0    17:34   0:00   2:22 
Nick Suzuki              0  0  0   0  0   1  0  0  0  0  7/15   14:48   1:59   0:00 
Patrick Kane             0  0  0   0  0   2  0  0  0  0  1/1    17:51   1:59   0:00 
Quinton Hughes           0  0  0   0  0   1  0  0  0  0  0/0    21:35   2:10   2:14 
Reyley Smith             0  0  0   0  0   2  0  1  0  0  0/4    18:27   1:59   3:39 
Ryan Lindgren            0  0  0  -1  0   0  2  1  0  0  0/0    20:22   0:00   4:51 

3 Stars

1 - Teuvo Teravainen (PHX)
2 - Jack Campbell (PHX)
3 - Erik Karlsson (PHX)

Power Play

PHOENIX MUSTANGS - 0 on 5 Attempt(s) - 0,00%
NORTH DAKOTA HAWKS - 0 on 2 Attempt(s) - 0,00%

Penalty Kill

PHOENIX MUSTANGS - 2 on 2 Attempt(s) - 100,00% - Score 0 goal in Penalty Kill
NORTH DAKOTA HAWKS - 5 on 5 Attempt(s) - 100,00% - Score 0 goal in Penalty Kill

Team Stat

PHOENIX MUSTANGS - Hits : 16 - Faceoff Wins : 37 - Blocked Shots : 10 - Penalty Minutes : 4
NORTH DAKOTA HAWKS - Hits : 11 - Faceoff Wins : 28 - Blocked Shots : 9 - Penalty Minutes : 10

Official

Referees : Chris Lee and Jim Curtin
Linesman : Michel Cormier and Jake Davis

Game Notes

No Game Note

Finance

Level 1 -- Attendance: 5916 (98,60%) -- Ticket Income 887 400 $
Level 2 -- Attendance: 3838 (76,76%) -- Ticket Income 460 560 $
Level 3 -- Attendance: 1886 (94,30%) -- Ticket Income 169 740 $
Level 4 -- Attendance: 3737 (93,43%) -- Ticket Income 242 905 $
Luxury Box -- Attendance: 879 (87,90%) -- Ticket Income 254 910 $
Total Attendance: 16256 (90,31%)
Total Ticket Income: 2 015 515 $
Other Expense: 20 155 $
Total Income: 1 995 360 $

PHOENIX MUSTANGS

5 vs 5 Forward 
   Center                   Left Wing                Right Wing               Time % Phy DF OF 
 1 John Tavares             Teuvo Teravainen         Clayton Keller           35     0   2  3  
 2 Ryan O'Reilly            Andrew Copp              Jesper Fast              31     0   2  3  
 3 Frederick Gaudreau       Jordan Greenway          Dustin Brown             24     0   3  2  
 4 Jason Spezza             Rasmus Asplund           Vinni Lettieri           10     0   3  2  

5 vs 5 Defense 
   Defense                  Defense                                           Time % Phy DF OF 
 1 Erik Karlsson            Jeff Petry                                        40     0   3  2  
 2 Damon Severson           Marco Scandella                                   40     0   3  2  
 3 Jeremy Lauzon            Ty Smith                                          20     0   3  2  
 4 Erik Karlsson            Jeremy Lauzon                                     0      0   3  2  

PowerPlay Forward 
   Center                   Left Wing                Right Wing               Time % Phy DF OF 
 1 John Tavares             Teuvo Teravainen         Clayton Keller           60     0   1  4  
 2 Ryan O'Reilly            Frederick Gaudreau       Andrew Copp              40     0   1  4  

PowerPlay Defense
   Defense                  Defense                                           Time % Phy DF OF 
 1 Erik Karlsson            Damon Severson                                    55     0   1  4  
 2 Ty Smith                 Jeff Petry                                        45     0   1  4  

Penalty Kill 4 Players Forward 
   Center                   Wing                     Time % Phy DF OF 
 1 Andrew Copp              Jesper Fast              60     1   2  2  
 2 Frederick Gaudreau       Teuvo Teravainen         40     1   2  2  

Penalty Kill 4 Players Defense
   Defense                  Defense                  Time % Phy DF OF 
 1 Marco Scandella          Damon Severson           58     1   2  2  
 2 Erik Karlsson            Jeff Petry               42     1   2  2  

Penalty Kill - 3 Players Forward 
   Forward                                           Time % Phy DF OF 
 1 Andrew Copp                                       50     0   4  1  
 2 Jesper Fast                                       50     0   4  1  

Penalty Kill - 3 Players Defense
   Defense                  Defense                  Time % Phy DF OF 
 1 Erik Karlsson            Damon Severson           50     0   4  1  
 2 Jeff Petry               Marco Scandella          50     0   4  1  

4 vs 4 Forward 
   Center                   Wing                     Time % Phy DF OF 
 1 John Tavares             Teuvo Teravainen         52     0   2  3  
 2 Andrew Copp              Clayton Keller           48     0   2  3  

4 vs 4 Defense
   Defense                  Defense                  Time % Phy DF OF 
 1 Jeff Petry               Erik Karlsson            52     0   2  3  
 2 Damon Severson           Marco Scandella          48     0   2  3  

Last Minutes Offensive
   Center                   Left Wing                Right Wing               Defense                  Defense                  
   John Tavares             Teuvo Teravainen         Clayton Keller           Erik Karlsson            Damon Severson           

Last Minutes Defensive
   Center                   Left Wing                Right Wing               Defense                  Defense                  
   Andrew Copp              Teuvo Teravainen         Jesper Fast              Damon Severson           Erik Karlsson            

Goaltenders
Starting : Jack Campbell            
Backup : Joonas Korpisalo         

Extra Forwards
Normal : Clayton Keller, Andrew Copp, John Tavares - PP : Frederick Gaudreau, Teuvo Teravainen - PK : Jesper Fast
Extra Defensemen
Normal : Damon Severson, Erik Karlsson, Jeff Petry - PP : Ty Smith - PK : Marco Scandella, Jeremy Lauzon
Penalty Shots
Clayton Keller, John Tavares, Ryan O'Reilly, Teuvo Teravainen, Frederick Gaudreau
Custom OT Lines Forwards
John Tavares, Teuvo Teravainen, Clayton Keller, Ryan O'Reilly, Andrew Copp, Frederick Gaudreau, Dustin Brown, Jordan Greenway, Jason Spezza, Rasmus Asplund
Custom OT Lines Defensemen
Erik Karlsson, Damon Severson, Jeff Petry, Marco Scandella, Ty Smith

Scratches
Philippe Myers (Healthy), Marcus Foligno (Broken Left Foot Toe Injury), Zach Fucale (Healthy)

NORTH DAKOTA HAWKS

5 vs 5 Forward 
   Center                   Left Wing                Right Wing               Time % Phy DF OF 
 1 Nazem Kadri              Jason Robertson          Patrick Kane             30     0   0  5  
 2 Jack Hughes              Alex Killorn             Jordan Kyrou             29     0   0  5  
 3 Nick Suzuki              Jake DeBrusk             Reyley Smith             28     0   1  4  
 4 Nic Dowd                 Dillon Dube              Frank Vatrano            13     0   3  2  

5 vs 5 Defense 
   Defense                  Defense                                           Time % Phy DF OF 
 1 Quinton Hughes           Erik Johnson                                      37     0   2  3  
 2 Ryan Lindgren            Mathew Dumba                                      33     0   2  3  
 3 Nick Holden              Josh Manson                                       20     0   3  2  
 4 Nick Holden              Josh Manson                                       10     0   3  2  

PowerPlay Forward 
   Center                   Left Wing                Right Wing               Time % Phy DF OF 
 1 Nazem Kadri              Jason Robertson          Patrick Kane             55     0   0  5  
 2 Nick Suzuki              Alex Killorn             Reyley Smith             45     0   0  5  

PowerPlay Defense
   Defense                  Defense                                           Time % Phy DF OF 
 1 Jack Hughes              Quinton Hughes                                    55     0   0  5  
 2 Mathew Dumba             Jordan Kyrou                                      45     0   0  5  

Penalty Kill 4 Players Forward 
   Center                   Wing                     Time % Phy DF OF 
 1 Nic Dowd                 Jake DeBrusk             70     0   4  1  
 2 Nazem Kadri              Dillon Dube              30     0   4  1  

Penalty Kill 4 Players Defense
   Defense                  Defense                  Time % Phy DF OF 
 1 Ryan Lindgren            Erik Johnson             70     0   5  0  
 2 Nick Holden              Mathew Dumba             30     0   5  0  

Penalty Kill - 3 Players Forward 
   Forward                                           Time % Phy DF OF 
 1 Nic Dowd                                          70     0   5  0  
 2 Nazem Kadri                                       30     0   5  0  

Penalty Kill - 3 Players Defense
   Defense                  Defense                  Time % Phy DF OF 
 1 Ryan Lindgren            Erik Johnson             70     0   5  0  
 2 Nick Holden              Mathew Dumba             30     0   5  0  

4 vs 4 Forward 
   Center                   Wing                     Time % Phy DF OF 
 1 Nazem Kadri              Patrick Kane             55     0   0  5  
 2 Nick Suzuki              Jason Robertson          45     0   0  5  

4 vs 4 Defense
   Defense                  Defense                  Time % Phy DF OF 
 1 Quinton Hughes           Erik Johnson             55     0   1  4  
 2 Ryan Lindgren            Mathew Dumba             45     0   1  4  

Last Minutes Offensive
   Center                   Left Wing                Right Wing               Defense                  Defense                  
   Nazem Kadri              Jason Robertson          Patrick Kane             Quinton Hughes           Jack Hughes              

Last Minutes Defensive
   Center                   Left Wing                Right Wing               Defense                  Defense                  
   Nazem Kadri              Jason Robertson          Reyley Smith             Ryan Lindgren            Erik Johnson             

Goaltenders
Starting : Carter Hart              
Backup : Pavel Francouz           

Extra Forwards
Normal : Dillon Dube, Frank Vatrano, Jake DeBrusk - PP : Jake DeBrusk, Frank Vatrano - PK : Reyley Smith
Extra Defensemen
Normal : Ryan Lindgren, Josh Manson, Erik Johnson - PP : Erik Johnson - PK : Josh Manson, Quinton Hughes
Penalty Shots
Nazem Kadri, Jack Hughes, Jason Robertson, Patrick Kane, Jordan Kyrou
Custom OT Lines Forwards
Nazem Kadri, Patrick Kane, Jason Robertson, Jack Hughes, Jordan Kyrou, Nick Suzuki, Alex Killorn, Reyley Smith, Jake DeBrusk, Frank Vatrano
Custom OT Lines Defensemen
Quinton Hughes, Mathew Dumba, Erik Johnson, Nick Holden, Ryan Lindgren

Scratches
Connor Clifton (Healthy), Marc Staal (Healthy), Colin Blackwell (Healthy)

% Time on Ice - PHOENIX MUSTANGS

Lines # - Real PCT - Wanted PCT - Time Play
Normal Forward
1 - 33% - 35% - 15:02
2 - 28% - 31% - 12:59
3 - 23% - 24% - 10:29
4 - 16% - 10% - 7:36
Normal Defense
1 - 37% - 40% - 17:11
2 - 39% - 40% - 17:48
3 - 23% - 20% - 10:38
4 - 1% - 0% - 0:29
PP Forward
1 - 45% - 60% - 4:31
2 - 55% - 40% - 5:25
PP Defense
1 - 57% - 55% - 5:37
2 - 43% - 45% - 4:19
PK Forward
1 - 89% - 60% - 3:32
2 - 11% - 40% - 0:26
PK Defense
1 - 17% - 58% - 0:40
2 - 83% - 42% - 3:18
PK3 Forward
1 - 0% - 50%
2 - 0% - 50%
PK3 Defense
1 - 0% - 50%
2 - 0% - 50%
44 Forward
1 - 0% - 52%
2 - 0% - 48%
44 Defense
1 - 0% - 52%
2 - 0% - 48%
Last Minute Offensive  - 0:00
Last Minute Defensive  - 0:00
Total
Forward - 60:00
Defense - 60:00

% Time on Ice - NORTH DAKOTA HAWKS

Lines # - Real PCT - Wanted PCT - Time Play
Normal Forward
1 - 31% - 30% - 14:04
2 - 29% - 29% - 13:18
3 - 28% - 28% - 12:49
4 - 13% - 13% - 5:55
Normal Defense
1 - 33% - 37% - 15:23
2 - 34% - 33% - 15:31
3 - 23% - 20% - 10:45
4 - 10% - 10% - 4:27
PP Forward
1 - 50% - 55% - 1:59
2 - 50% - 45% - 1:59
PP Defense
1 - 55% - 55% - 2:10
2 - 45% - 45% - 1:48
PK Forward
1 - 79% - 70% - 7:51
2 - 21% - 30% - 2:05
PK Defense
1 - 66% - 70% - 6:32
2 - 34% - 30% - 3:24
PK3 Forward
1 - 0% - 70%
2 - 0% - 30%
PK3 Defense
1 - 0% - 70%
2 - 0% - 30%
44 Forward
1 - 0% - 55%
2 - 0% - 45%
44 Defense
1 - 0% - 55%
2 - 0% - 45%
Last Minute Offensive  - 0:00
Last Minute Defensive  - 0:00
Total
Forward - 60:00
Defense - 60:00

Play-by-Play

1st period


0:01 of 1st period - Nazem Kadri wins face-off versus John Tavares in neutral zone.
0:15 of 1st period - Shot by Nazem Kadri.
0:15 of 1st period - Deflect By Patrick Kane.
0:15 of 1st period - Shot Blocked by Erik Karlsson.
0:37 of 1st period - Shot by Jason Robertson.
0:37 of 1st period - Shot Misses the Net.
1:04 of 1st period - Shot by Jesper Fast.
1:04 of 1st period - Shot Blocked by Erik Johnson.
1:06 of 1st period - Shot by Andrew Copp.
1:06 of 1st period - Stopped by Carter Hart without a rebound.
1:07 of 1st period - Frederick Gaudreau wins face-off versus Jack Hughes in NORTH DAKOTA HAWKS zone.
1:28 of 1st period - Shot by Frederick Gaudreau.
1:28 of 1st period - Shot Misses the Net.
1:42 of 1st period - Shot by Jordan Kyrou.
1:42 of 1st period - Deflect By Jack Hughes.
1:42 of 1st period - Shot Hit the Post.
1:44 of 1st period - Shot by Jordan Kyrou.
1:44 of 1st period - Shot Misses the Net.
2:26 of 1st period - Shot by Jake DeBrusk.
2:26 of 1st period - Shot Misses the Net.
2:28 of 1st period - Shot by Jake DeBrusk.
2:28 of 1st period - Stopped by Jack Campbell without a rebound.
2:29 of 1st period - Nic Dowd wins face-off versus Jason Spezza in PHOENIX MUSTANGS zone.
2:34 of 1st period - Shot by Dillon Dube.
2:34 of 1st period - Stopped by Jack Campbell without a rebound.
2:35 of 1st period - Nic Dowd wins face-off versus Jason Spezza in PHOENIX MUSTANGS zone.
2:39 of 1st period - Minor Penalty to Nic Dowd for Interference.
2:40 of 1st period - John Tavares wins face-off versus Reyley Smith in NORTH DAKOTA HAWKS zone.
3:09 of 1st period - Shot by John Tavares.
3:09 of 1st period - Stopped by Carter Hart without a rebound.
3:10 of 1st period - Frederick Gaudreau wins face-off versus Reyley Smith in NORTH DAKOTA HAWKS zone.
3:17 of 1st period - Shot by Ryan O'Reilly.
3:17 of 1st period - Stopped by Carter Hart without a rebound.
3:18 of 1st period - Ryan O'Reilly wins face-off versus Reyley Smith in NORTH DAKOTA HAWKS zone.
3:26 of 1st period - Icing by Andrew Copp.
3:27 of 1st period - Ryan O'Reilly wins face-off versus Reyley Smith in PHOENIX MUSTANGS zone.
3:54 of 1st period - Shot by Andrew Copp.
3:54 of 1st period - Shot Misses the Net.
3:57 of 1st period - Andrew Copp is hit by Ryan Lindgren and loses puck.
4:24 of 1st period - Icing by Clayton Keller.
4:25 of 1st period - John Tavares wins face-off versus Nazem Kadri in PHOENIX MUSTANGS zone.
5:02 of 1st period - Shot by Vinni Lettieri.
5:02 of 1st period - Shot Misses the Net.
5:04 of 1st period - Shot by Damon Severson.
5:04 of 1st period - Shot Misses the Net.
5:06 of 1st period - Shot by Marco Scandella.
5:06 of 1st period - Shot Blocked by Jack Hughes.
5:59 of 1st period - Teuvo Teravainen is hit by Josh Manson and loses puck.
6:07 of 1st period - Alex Killorn is hit by Jeff Petry and loses puck.
6:16 of 1st period - Double Minor Penalty to Josh Manson for Slashing.
6:17 of 1st period - Ryan O'Reilly wins face-off versus Nic Dowd in NORTH DAKOTA HAWKS zone.
8:22 of 1st period - Shot by Reyley Smith.
8:22 of 1st period - Stopped by Jack Campbell with a rebound.
8:24 of 1st period - Shot by Reyley Smith.
8:24 of 1st period - Shot Misses the Net.
9:48 of 1st period - Shot by Teuvo Teravainen.
9:48 of 1st period - Stopped by Carter Hart with a rebound.
10:18 of 1st period - Vinni Lettieri is hit by Jason Robertson and loses puck.
10:31 of 1st period - Shot by Nazem Kadri.
10:31 of 1st period - Stopped by Jack Campbell without a rebound.
10:32 of 1st period - Jack Hughes wins face-off versus Jason Spezza in PHOENIX MUSTANGS zone.
10:35 of 1st period - Shot by Jordan Kyrou.
10:35 of 1st period - Shot Misses the Net.
10:37 of 1st period - Shot by Jack Hughes.
10:37 of 1st period - Stopped by Jack Campbell without a rebound.
10:38 of 1st period - Jason Spezza wins face-off versus Nazem Kadri in PHOENIX MUSTANGS zone.
10:49 of 1st period - Shot by Vinni Lettieri.
10:49 of 1st period - Stopped by Carter Hart with a rebound.
10:51 of 1st period - Shot by Vinni Lettieri.
10:51 of 1st period - Shot Blocked by Jason Robertson.
12:02 of 1st period - Minor Penalty to Jake DeBrusk for Hooking.
12:03 of 1st period - Ryan O'Reilly wins face-off versus Nic Dowd in NORTH DAKOTA HAWKS zone.
14:22 of 1st period - Icing by Damon Severson.
14:23 of 1st period - Nick Suzuki wins face-off versus Jason Spezza in PHOENIX MUSTANGS zone.
14:46 of 1st period - Nick Holden is hit by Jason Spezza and loses puck.
15:24 of 1st period - Shot by Andrew Copp.
15:24 of 1st period - Stopped by Carter Hart without a rebound.
15:25 of 1st period - John Tavares wins face-off versus Nazem Kadri in NORTH DAKOTA HAWKS zone.
15:28 of 1st period - Shot by Teuvo Teravainen.
15:28 of 1st period - Stopped by Carter Hart without a rebound.
15:29 of 1st period - Dillon Dube wins face-off versus Frederick Gaudreau in NORTH DAKOTA HAWKS zone.
15:49 of 1st period - Shot by Frank Vatrano.
15:49 of 1st period - Stopped by Jack Campbell without a rebound.
15:50 of 1st period - Ryan O'Reilly wins face-off versus Jack Hughes in PHOENIX MUSTANGS zone.
16:14 of 1st period - Jack Hughes is hit by Jeremy Lauzon and loses puck.
16:32 of 1st period - Alex Killorn is hit by Jeremy Lauzon and loses puck.
16:35 of 1st period - Shot by Jack Hughes.
16:35 of 1st period - Stopped by Jack Campbell without a rebound.
16:36 of 1st period - John Tavares wins face-off versus Nick Suzuki in PHOENIX MUSTANGS zone.
16:45 of 1st period - Shot by Clayton Keller.
16:45 of 1st period - Deflect By Teuvo Teravainen.
16:45 of 1st period - Shot Misses the Net.
17:24 of 1st period - Off-side.
17:25 of 1st period - Frederick Gaudreau wins face-off versus Nazem Kadri in neutral zone.
17:54 of 1st period - Shot by Jason Robertson.
17:54 of 1st period - Shot Misses the Net.
18:09 of 1st period - Icing by Jeff Petry.
18:10 of 1st period - Jack Hughes wins face-off versus Frederick Gaudreau in PHOENIX MUSTANGS zone.
18:20 of 1st period - Minor Penalty to Jack Hughes for Hooking.
18:21 of 1st period - John Tavares wins face-off versus Nic Dowd in NORTH DAKOTA HAWKS zone.
19:24 of 1st period - Shot by Nazem Kadri.
19:24 of 1st period - Shot Blocked by Jeff Petry.
Goals for this period are 0 for PHOENIX MUSTANGS vs 0 for NORTH DAKOTA HAWKS.
Shots for this period are 7 for PHOENIX MUSTANGS vs 7 for NORTH DAKOTA HAWKS.

2nd period


0:01 of 2nd period - Nic Dowd wins face-off versus Teuvo Teravainen in neutral zone.
0:40 of 2nd period - Off-side.
0:41 of 2nd period - John Tavares wins face-off versus Jack Hughes in neutral zone.
1:18 of 2nd period - Jack Hughes is hit by Marco Scandella and loses puck.
1:30 of 2nd period - Off-side.
1:31 of 2nd period - Nick Suzuki wins face-off versus Jesper Fast in neutral zone.
2:18 of 2nd period - Shot by Reyley Smith.
2:18 of 2nd period - Deflect By Jake DeBrusk.
2:18 of 2nd period - Stopped by Jack Campbell without a rebound.
2:19 of 2nd period - Nazem Kadri wins face-off versus Frederick Gaudreau in PHOENIX MUSTANGS zone.
2:26 of 2nd period - Shot by Patrick Kane.
2:26 of 2nd period - Stopped by Jack Campbell with a rebound.
2:37 of 2nd period - Patrick Kane is hit by Jeremy Lauzon and loses puck.
2:50 of 2nd period - Shot by Jason Robertson.
2:50 of 2nd period - Shot Misses the Net.
2:52 of 2nd period - Shot by Nazem Kadri.
2:52 of 2nd period - Shot Misses the Net.
2:54 of 2nd period - Shot by Nazem Kadri.
2:54 of 2nd period - Shot Misses the Net.
2:56 of 2nd period - Shot by Josh Manson.
2:56 of 2nd period - Shot Misses the Net.
3:04 of 2nd period - Shot by Nazem Kadri.
3:04 of 2nd period - Stopped by Jack Campbell without a rebound.
3:05 of 2nd period - Nic Dowd wins face-off versus John Tavares in PHOENIX MUSTANGS zone.
3:06 of 2nd period - Shot by Dillon Dube.
3:06 of 2nd period - Stopped by Jack Campbell without a rebound.
3:07 of 2nd period - Ryan O'Reilly wins face-off versus Nick Suzuki in PHOENIX MUSTANGS zone.
3:21 of 2nd period - Shot by Jake DeBrusk.
3:21 of 2nd period - Stopped by Jack Campbell without a rebound.
3:22 of 2nd period - John Tavares wins face-off versus Nic Dowd in PHOENIX MUSTANGS zone.
3:27 of 2nd period - Shot by Teuvo Teravainen.
3:27 of 2nd period - Deflect By Clayton Keller.
3:27 of 2nd period - Goal by Clayton Keller - PHOENIX MUSTANGS : 1 - NORTH DAKOTA HAWKS : 0.
3:28 of 2nd period - Ryan O'Reilly wins face-off versus Nick Suzuki in neutral zone.
3:35 of 2nd period - Shot by Andrew Copp.
3:35 of 2nd period - Stopped by Carter Hart without a rebound.
3:36 of 2nd period - Nick Suzuki wins face-off versus Teuvo Teravainen in NORTH DAKOTA HAWKS zone.
3:54 of 2nd period - Shot by Clayton Keller.
3:54 of 2nd period - Shot Misses the Net.
4:16 of 2nd period - Shot by Clayton Keller.
4:16 of 2nd period - Stopped by Carter Hart with a rebound.
4:34 of 2nd period - Andrew Copp is hit by Jake DeBrusk.
5:46 of 2nd period - Icing by Jeremy Lauzon.
5:47 of 2nd period - Frederick Gaudreau wins face-off versus Jason Robertson in PHOENIX MUSTANGS zone.
6:50 of 2nd period - Shot by Teuvo Teravainen.
6:50 of 2nd period - Stopped by Carter Hart without a rebound.
6:51 of 2nd period - Jack Hughes wins face-off versus Ryan O'Reilly in NORTH DAKOTA HAWKS zone.
7:33 of 2nd period - Icing by Mathew Dumba.
7:34 of 2nd period - John Tavares wins face-off versus Jack Hughes in NORTH DAKOTA HAWKS zone.
7:54 of 2nd period - Off-side.
7:55 of 2nd period - Nic Dowd wins face-off versus Frederick Gaudreau in neutral zone.
8:07 of 2nd period - Shot by Dustin Brown.
8:07 of 2nd period - Shot Misses the Net.
8:53 of 2nd period - Icing by Nic Dowd.
8:54 of 2nd period - Ryan O'Reilly wins face-off versus Nic Dowd in NORTH DAKOTA HAWKS zone.
9:29 of 2nd period - Shot by Andrew Copp.
9:29 of 2nd period - Shot Misses the Net.
10:12 of 2nd period - Shot by John Tavares.
10:12 of 2nd period - Stopped by Carter Hart without a rebound.
10:13 of 2nd period - Nazem Kadri wins face-off versus Frederick Gaudreau in NORTH DAKOTA HAWKS zone.
10:13 of 2nd period - Nazem Kadri is hit by Dustin Brown.
10:20 of 2nd period - Nazem Kadri is hit by Jeremy Lauzon and loses puck.
10:27 of 2nd period - Shot by Frederick Gaudreau.
10:27 of 2nd period - Shot Blocked by Nazem Kadri.
10:33 of 2nd period - Shot by Jordan Greenway.
10:33 of 2nd period - Shot Blocked by Ryan Lindgren.
10:41 of 2nd period - Shot by Jordan Greenway.
10:41 of 2nd period - Stopped by Carter Hart without a rebound.
10:42 of 2nd period - Nick Suzuki wins face-off versus Clayton Keller in NORTH DAKOTA HAWKS zone.
10:42 of 2nd period - Nick Suzuki is hit by John Tavares.
11:09 of 2nd period - John Tavares is hit by Josh Manson and loses puck.
11:24 of 2nd period - Shot by Reyley Smith.
11:24 of 2nd period - Deflect By Jake DeBrusk.
11:24 of 2nd period - Shot Blocked by Jeff Petry.
11:33 of 2nd period - Icing by Erik Karlsson.
11:34 of 2nd period - Teuvo Teravainen wins face-off versus Nazem Kadri in PHOENIX MUSTANGS zone.
13:05 of 2nd period - Shot by Jordan Kyrou.
13:05 of 2nd period - Stopped by Jack Campbell without a rebound.
13:06 of 2nd period - Nick Suzuki wins face-off versus Frederick Gaudreau in PHOENIX MUSTANGS zone.
13:06 of 2nd period - Jake DeBrusk is hit by Jeremy Lauzon and loses puck.
13:10 of 2nd period - Jake DeBrusk is hit by Jeremy Lauzon.
13:18 of 2nd period - Shot by Jake DeBrusk.
13:18 of 2nd period - Shot Misses the Net.
13:22 of 2nd period - Shot by Nick Suzuki.
13:22 of 2nd period - Stopped by Jack Campbell without a rebound.
13:23 of 2nd period - Jason Spezza wins face-off versus Nazem Kadri in PHOENIX MUSTANGS zone.
13:33 of 2nd period - Nazem Kadri is hit by Rasmus Asplund and loses puck.
14:42 of 2nd period - Shot by Jordan Greenway.
14:42 of 2nd period - Shot Misses the Net.
14:43 of 2nd period - Minor Penalty to Jordan Greenway for Interference.
14:44 of 2nd period - Andrew Copp wins face-off versus Nick Suzuki in PHOENIX MUSTANGS zone.
16:20 of 2nd period - Shot by Jason Robertson.
16:20 of 2nd period - Shot Misses the Net.
16:44 of 2nd period - Rasmus Asplund is hit by Nic Dowd and loses puck.
17:41 of 2nd period - Icing by Damon Severson.
17:42 of 2nd period - John Tavares wins face-off versus Nick Suzuki in PHOENIX MUSTANGS zone.
18:59 of 2nd period - Frederick Gaudreau is hit by Ryan Lindgren and loses puck.
19:35 of 2nd period - Shot by Jack Hughes.
19:35 of 2nd period - Shot Misses the Net.
19:37 of 2nd period - Shot by Ryan Lindgren.
19:37 of 2nd period - Shot Blocked by Erik Karlsson.
19:39 of 2nd period - Shot by Alex Killorn.
19:39 of 2nd period - Shot Misses the Net.
Goals for this period are 1 for PHOENIX MUSTANGS vs 0 for NORTH DAKOTA HAWKS.
Shots for this period are 6 for PHOENIX MUSTANGS vs 7 for NORTH DAKOTA HAWKS.

3rd period


0:01 of 3rd period - Nazem Kadri wins face-off versus Ryan O'Reilly in neutral zone.
0:08 of 3rd period - Shot by Jason Robertson.
0:08 of 3rd period - Stopped by Jack Campbell without a rebound.
0:09 of 3rd period - Patrick Kane wins face-off versus Ryan O'Reilly in PHOENIX MUSTANGS zone.
0:20 of 3rd period - Off-side.
0:21 of 3rd period - Teuvo Teravainen wins face-off versus Jack Hughes in neutral zone.
0:26 of 3rd period - Shot by John Tavares.
0:26 of 3rd period - Stopped by Carter Hart without a rebound.
0:27 of 3rd period - Nick Suzuki wins face-off versus Ryan O'Reilly in NORTH DAKOTA HAWKS zone.
1:12 of 3rd period - Shot by Jake DeBrusk.
1:12 of 3rd period - Stopped by Jack Campbell with a rebound.
2:56 of 3rd period - Shot by Jordan Kyrou.
2:56 of 3rd period - Deflect By Jack Hughes.
2:56 of 3rd period - Stopped by Jack Campbell without a rebound.
2:57 of 3rd period - Frederick Gaudreau wins face-off versus Nick Suzuki in PHOENIX MUSTANGS zone.
3:10 of 3rd period - Shot by Nick Suzuki.
3:10 of 3rd period - Shot Blocked by Dustin Brown.
4:13 of 3rd period - Shot by Nazem Kadri.
4:13 of 3rd period - Stopped by Jack Campbell without a rebound.
4:14 of 3rd period - Jason Spezza wins face-off versus Jack Hughes in PHOENIX MUSTANGS zone.
4:16 of 3rd period - Icing by Rasmus Asplund.
4:17 of 3rd period - Jason Spezza wins face-off versus Jack Hughes in PHOENIX MUSTANGS zone.
4:17 of 3rd period - Jason Spezza is hit by Alex Killorn.
5:16 of 3rd period - Shot by John Tavares.
5:16 of 3rd period - Stopped by Carter Hart without a rebound.
5:17 of 3rd period - Nazem Kadri wins face-off versus Frederick Gaudreau in NORTH DAKOTA HAWKS zone.
6:28 of 3rd period - Icing by Quinton Hughes.
6:29 of 3rd period - Ryan O'Reilly wins face-off versus Jason Robertson in NORTH DAKOTA HAWKS zone.
7:53 of 3rd period - Shot by Reyley Smith.
7:53 of 3rd period - Shot Misses the Net.
7:55 of 3rd period - Shot by Jake DeBrusk.
7:55 of 3rd period - Shot Blocked by Jeremy Lauzon.
7:57 of 3rd period - Shot by Reyley Smith.
7:57 of 3rd period - Shot Misses the Net.
7:59 of 3rd period - Shot by Reyley Smith.
7:59 of 3rd period - Stopped by Jack Campbell without a rebound.
8:00 of 3rd period - Rasmus Asplund wins face-off versus Nic Dowd in PHOENIX MUSTANGS zone.
8:17 of 3rd period - Shot by Vinni Lettieri.
8:17 of 3rd period - Shot Misses the Net.
9:11 of 3rd period - Icing by Ryan Lindgren.
9:12 of 3rd period - Ryan O'Reilly wins face-off versus Nick Suzuki in NORTH DAKOTA HAWKS zone.
9:35 of 3rd period - Nick Suzuki is hit by Jesper Fast and loses puck.
9:58 of 3rd period - Icing by Erik Karlsson.
9:59 of 3rd period - Jack Hughes wins face-off versus Ryan O'Reilly in PHOENIX MUSTANGS zone.
10:04 of 3rd period - Shot by Jordan Kyrou.
10:04 of 3rd period - Stopped by Jack Campbell with a rebound.
10:26 of 3rd period - Shot by Jack Hughes.
10:26 of 3rd period - Shot Misses the Net.
10:36 of 3rd period - Icing by Erik Johnson.
10:37 of 3rd period - Frederick Gaudreau wins face-off versus Jack Hughes in NORTH DAKOTA HAWKS zone.
10:46 of 3rd period - Shot by Frederick Gaudreau.
10:46 of 3rd period - Shot Blocked by Jack Hughes.
11:39 of 3rd period - Shot by Nazem Kadri.
11:39 of 3rd period - Stopped by Jack Campbell without a rebound.
11:40 of 3rd period - John Tavares wins face-off versus Nick Suzuki in PHOENIX MUSTANGS zone.
11:49 of 3rd period - Shot by John Tavares.
11:49 of 3rd period - Shot Blocked by Reyley Smith.
12:53 of 3rd period - Teuvo Teravainen is hit by Erik Johnson and loses puck.
13:08 of 3rd period - Shot by Jordan Kyrou.
13:08 of 3rd period - Shot Hit the Post.
13:10 of 3rd period - Shot by Alex Killorn.
13:10 of 3rd period - Shot Misses the Net.
13:12 of 3rd period - Shot by Quinton Hughes.
13:12 of 3rd period - Stopped by Jack Campbell with a rebound.
13:14 of 3rd period - Shot by Jack Hughes.
13:14 of 3rd period - Stopped by Jack Campbell without a rebound.
13:15 of 3rd period - Jason Spezza wins face-off versus Nazem Kadri in PHOENIX MUSTANGS zone.
13:15 of 3rd period - Damon Severson is hit by Jason Robertson and loses puck.
13:42 of 3rd period - Shot by Jason Robertson.
13:42 of 3rd period - Stopped by Jack Campbell with a rebound.
13:44 of 3rd period - Shot by Nick Holden.
13:44 of 3rd period - Shot Misses the Net.
13:46 of 3rd period - Shot by Nick Holden.
13:46 of 3rd period - Shot Misses the Net.
13:48 of 3rd period - Shot by Nazem Kadri.
13:48 of 3rd period - Shot Misses the Net.
13:59 of 3rd period - Shot by Patrick Kane.
13:59 of 3rd period - Stopped by Jack Campbell with a rebound.
15:30 of 3rd period - Jack Hughes is hit by Ryan O'Reilly and loses puck.
15:31 of 3rd period - Minor Penalty to Jesper Fast for Roughing.
15:32 of 3rd period - Nazem Kadri wins face-off versus Andrew Copp in PHOENIX MUSTANGS zone.
15:48 of 3rd period - Patrick Kane is hit by Erik Karlsson and loses puck.
16:01 of 3rd period - Andrew Copp is hit by Nazem Kadri and loses puck.
16:56 of 3rd period - Shot by Dustin Brown.
16:56 of 3rd period - Shot Blocked by Jordan Kyrou.
17:41 of 3rd period - Shot by Nic Dowd.
17:41 of 3rd period - Goal by Nic Dowd - PHOENIX MUSTANGS : 1 - NORTH DAKOTA HAWKS : 1.
17:42 of 3rd period - John Tavares wins face-off versus Nic Dowd in neutral zone.
17:59 of 3rd period - Shot by Nic Dowd.
17:59 of 3rd period - Shot Misses the Net.
18:07 of 3rd period - Shot by Dillon Dube.
18:07 of 3rd period - Shot Blocked by Erik Karlsson.
18:09 of 3rd period - Shot by Dillon Dube.
18:09 of 3rd period - Shot Blocked by Erik Karlsson.
18:11 of 3rd period - Shot by Nick Holden.
18:11 of 3rd period - Deflect By Frank Vatrano.
18:11 of 3rd period - Shot Blocked by Jeff Petry.
18:59 of 3rd period - Shot by Nazem Kadri.
18:59 of 3rd period - Shot Misses the Net.
19:09 of 3rd period - Shot by Jason Robertson.
19:09 of 3rd period - Shot Misses the Net.
19:29 of 3rd period - Icing by Jeremy Lauzon.
19:30 of 3rd period - Nick Suzuki wins face-off versus Ryan O'Reilly in PHOENIX MUSTANGS zone.
19:45 of 3rd period - Shot by Nick Suzuki.
19:45 of 3rd period - Shot Blocked by Jeremy Lauzon.
19:47 of 3rd period - Shot by Jake DeBrusk.
19:47 of 3rd period - Stopped by Jack Campbell without a rebound.
19:48 of 3rd period - Jack Hughes wins face-off versus Frederick Gaudreau in PHOENIX MUSTANGS zone.
Goals for this period are 0 for PHOENIX MUSTANGS vs 1 for NORTH DAKOTA HAWKS.
Shots for this period are 2 for PHOENIX MUSTANGS vs 13 for NORTH DAKOTA HAWKS.

Overtime #1


0:01 of 1st overtime period - Nazem Kadri wins face-off versus John Tavares in neutral zone.
0:25 of 1st overtime period - Off-side.
0:26 of 1st overtime period - Nazem Kadri wins face-off versus John Tavares in neutral zone.
0:59 of 1st overtime period - Shot by John Tavares.
0:59 of 1st overtime period - Shot Blocked by Nazem Kadri.
1:28 of 1st overtime period - Shot by Jack Hughes.
1:28 of 1st overtime period - Stopped by Jack Campbell without a rebound.
1:29 of 1st overtime period - Ryan O'Reilly wins face-off versus Jack Hughes in PHOENIX MUSTANGS zone.
1:44 of 1st overtime period - Shot by Ryan O'Reilly.
1:44 of 1st overtime period - Stopped by Carter Hart without a rebound.
1:45 of 1st overtime period - Nazem Kadri wins face-off versus Ryan O'Reilly in NORTH DAKOTA HAWKS zone.
1:45 of 1st overtime period - Nazem Kadri is hit by Ryan O'Reilly.
2:16 of 1st overtime period - Shot by Patrick Kane.
2:16 of 1st overtime period - Shot Misses the Net.
2:18 of 1st overtime period - Shot by Nazem Kadri.
2:18 of 1st overtime period - Shot Misses the Net.
2:54 of 1st overtime period - Shot by Jason Robertson.
2:54 of 1st overtime period - Shot Misses the Net.
3:00 of 1st overtime period - Shot by Teuvo Teravainen.
3:00 of 1st overtime period - Shot Misses the Net.
3:02 of 1st overtime period - Shot by Teuvo Teravainen.
3:02 of 1st overtime period - Goal by Teuvo Teravainen - PHOENIX MUSTANGS : 2 - NORTH DAKOTA HAWKS : 1.
Goals for this period are 1 for PHOENIX MUSTANGS vs 0 for NORTH DAKOTA HAWKS.
Shots for this period are 2 for PHOENIX MUSTANGS vs 1 for NORTH DAKOTA HAWKS.


OWEN
TIPPETT
GUSTAV
FORSLING
MATTHEW
BOLDY

EAST COAST

HOCKEY LEAGUE

  • 67.PIT4RHI2
  • 68.ATL5WOR3
  • 69.QUECHW
  • 70.CHATRV